NCAA
MINNESOTA GOLDEN GOPHERS @ AUBURN TIGERS
04/16/2023
 
TOP OF THE 1ST
Minnesota Golden Gophers batting - Pitching for Auburn Tigers : LHP Dave Smeddon
Pitching: LHP Dave Smeddon
Batting: RHB Carlos López 0-0: Fly out, F8 (Flyball, 8LD)
Batting: RHB Mike Brooks 0-0: Ground out 6-3 (Groundball, 6)
Batting: RHB David Strickland 0-0: Ball
1-0: Ball
2-0: Foul Ball, location: 2F
2-1: Swinging Strike
2-2: Strikes out swinging
Top of the 1st over - 0 run(s), 0 hit(s), 0 error(s), 0 left on base; Minnesota 0 - Auburn 0
BOTTOM OF THE 1ST
Auburn Tigers batting - Pitching for Minnesota Golden Gophers : LHP Roger Glass
Pitching: LHP Roger Glass
Batting: RHB António Martínez 0-0: Ball
1-0: Called Strike
1-1: Swinging Strike
1-2: Ball
2-2: Strikes out swinging
Batting: RHB Artie Frye 0-0: Called Strike
0-1: Ball
1-1: Ball
2-1: TRIPLE (Line Drive, 8RM)
Batting: LHB Edison Snyder 0-0: Ground out 6-3 (Groundball, 6M)
Artie Frye scores
Batting: RHB Doyle O'Dell 0-0: Ball
1-0: Ball
2-0: Ball
3-0: Base on Balls
Batting: LHB Tommy Payne 0-0: Called Strike
0-1: Ground out U3 (Groundball, 3L)
Bottom of the 1st over - 1 run(s), 1 hit(s), 0 error(s), 1 left on base; Minnesota 0 - Auburn 1
TOP OF THE 2ND
Minnesota Golden Gophers batting - Pitching for Auburn Tigers : LHP Dave Smeddon
Batting: RHB Brady McIntyre 0-0: Called Strike
0-1: Ball
1-1: Ball
2-1: Swinging Strike
2-2: Ball
3-2: SINGLE (Line Drive, 89S)
Batting: RHB Charlie O'Farrell 0-0: Ball
1-0: SINGLE (Groundball, 6MD)
Brady McIntyre to second
Batting: LHB Doug Willard 0-0: Ball
1-0: Swinging Strike
1-1: Foul Ball, location: 2F
1-2: Ball
2-2: Ball
3-2: Foul Ball, location: 2F
3-2: Strikes out swinging
Batting: RHB Esteban Ayala 0-0: Foul Ball, location: 2F
0-1: Ball
1-1: Ball
2-1: Ball
3-1: Swinging Strike
3-2: Grounds into double play, 6-4-3 (Groundball, 6)
Top of the 2nd over - 0 run(s), 2 hit(s), 0 error(s), 1 left on base; Minnesota 0 - Auburn 1
BOTTOM OF THE 2ND
Auburn Tigers batting - Pitching for Minnesota Golden Gophers : LHP Roger Glass
Batting: RHB Jeff Jones 0-0: Ball
1-0: SINGLE (Groundball, 6MD)
Batting: SHB Tim Campbell 0-0: Grounds into double play, 5-4-3 (Groundball, 56)
Batting: RHB Kel Weeks 0-0: Ball
1-0: Foul Ball, location: 2F
1-1: Foul Ball, location: 2F
1-2: Ball
2-2: Ground out 6-3 (Groundball, 6M)
Bottom of the 2nd over - 0 run(s), 1 hit(s), 0 error(s), 0 left on base; Minnesota 0 - Auburn 1
TOP OF THE 3RD
Minnesota Golden Gophers batting - Pitching for Auburn Tigers : LHP Dave Smeddon
Batting: RHB Ben Lund 0-0: Ball
1-0: Ball
2-0: Called Strike
2-1: SOLO HOME RUN (Line Drive, 9LD), Distance : 316 ft
Batting: LHB Ramón López 0-0: Ball
1-0: Called Strike
1-1: Ball
2-1: Foul Ball, location: 2F
2-2: Ball
3-2: Strikes out swinging
Batting: RHB Carlos López 0-0: Ball
1-0: TRIPLE (Flyball, 89M)
Batting: RHB Mike Brooks 0-0: Ball
1-0: Foul Ball, location: 2F
1-1: Fly out, F9 (Flyball, 89M)
Runner from 3rd tags up, SCORES, no throw
Batting: RHB David Strickland 0-0: Called Strike
0-1: Ball
1-1: Ball
2-1: Foul Ball, location: 2F
2-2: Foul Ball, location: 2F
2-2: Foul Ball, location: 2F
2-2: Strikes out swinging
Top of the 3rd over - 2 run(s), 2 hit(s), 0 error(s), 0 left on base; Minnesota 2 - Auburn 1
BOTTOM OF THE 3RD
Auburn Tigers batting - Pitching for Minnesota Golden Gophers : LHP Roger Glass
Batting: RHB Ángelo Young 0-0: Ball
1-0: Fly out, F7 (Flyball, 7M)
Batting: RHB António Martínez 0-0: Ground out 6-3 (Groundball, 6D)
Batting: RHB Artie Frye 0-0: SINGLE (Line Drive, 7S)
Batting: LHB Edison Snyder 0-0: Called Strike
0-1: Ball
1-1: Swinging Strike
1-2: Strikes out swinging
Bottom of the 3rd over - 0 run(s), 1 hit(s), 0 error(s), 1 left on base; Minnesota 2 - Auburn 1
TOP OF THE 4TH
Minnesota Golden Gophers batting - Pitching for Auburn Tigers : LHP Dave Smeddon
Batting: RHB Brady McIntyre 0-0: Called Strike
0-1: Fly out, F2 (Popup, 2RF)
Batting: RHB Charlie O'Farrell 0-0: SINGLE (Groundball, 5D)
Batting: LHB Doug Willard 0-0: Ball
1-0: SINGLE (Groundball, 6MD)
Charlie O'Farrell to second
Batting: RHB Esteban Ayala 0-0: Swinging Strike
0-1: Ball
1-1: Foul Ball, location: 2F
1-2: Foul Ball, location: 2F
1-2: Foul Ball, location: 2F
1-2: Grounds into double play, 5-4-3 (Groundball, 56)
Top of the 4th over - 0 run(s), 2 hit(s), 0 error(s), 1 left on base; Minnesota 2 - Auburn 1
BOTTOM OF THE 4TH
Auburn Tigers batting - Pitching for Minnesota Golden Gophers : LHP Roger Glass
Batting: RHB Doyle O'Dell 0-0: SINGLE (Line Drive, 56D)
Batting: LHB Tommy Payne 0-0: Foul Ball, location: 2F
0-1: Ball
1-1: Ball
2-1: Ball
3-1: Base on Balls
Doyle O'Dell to second
Batting: RHB Jeff Jones 0-0: Called Strike
0-1: Foul Ball, location: 2F
0-2: SINGLE (Groundball, 56)
Doyle O'Dell to third
Tommy Payne to second
Batting: SHB Tim Campbell 0-0: Ball
1-0: Grounds into double play, 6-4-3 (Groundball, 6)
Doyle O'Dell scores
Tommy Payne to third
Batting: RHB Kel Weeks 0-0: Ball
1-0: Ball
2-0: Ball
3-0: Called Strike
3-1: Foul Ball, location: 2F
3-2: SINGLE (Groundball, 6MD)
Tommy Payne scores
Batting: RHB Ángelo Young 0-0: Ball
1-0: Foul Ball, location: 2F
1-1: Called Strike
1-2: Ball
2-2: Foul Ball, location: 2F
2-2: Foul Ball, location: 2F
2-2: Ball
Wild Pitch!
Kel Weeks to second
3-2: Base on Balls
Batting: RHB António Martínez 0-0: Fielders Choice at 2nd, U4 (Groundball, 4M)
Bottom of the 4th over - 2 run(s), 3 hit(s), 0 error(s), 2 left on base; Minnesota 2 - Auburn 3
TOP OF THE 5TH
Minnesota Golden Gophers batting - Pitching for Auburn Tigers : LHP Dave Smeddon
Batting: RHB Ben Lund 0-0: Ball
1-0: Foul Ball, location: 2F
1-1: Ball
2-1: Foul Ball, location: 2F
2-2: Foul Ball, location: 2F
2-2: Foul Ball, location: 2F
2-2: Ball
3-2: Strikes out swinging
Batting: LHB Ramón López 0-0: Ground out 6-3 (Groundball, 6)
Batting: RHB Carlos López 0-0: Ball
1-0: Ball
2-0: Fly out, F8 (Flyball, 8RS)
Top of the 5th over - 0 run(s), 0 hit(s), 0 error(s), 0 left on base; Minnesota 2 - Auburn 3
BOTTOM OF THE 5TH
Auburn Tigers batting - Pitching for Minnesota Golden Gophers : LHP Roger Glass
Batting: RHB Artie Frye 0-0: Ball
1-0: Ball
2-0: Called Strike
2-1: Swinging Strike
2-2: Ball
3-2: Strikes out looking
Batting: LHB Edison Snyder 0-0: Swinging Strike
0-1: Fly out, F7 (Flyball, 78M)
Batting: RHB Doyle O'Dell 0-0: Swinging Strike
0-1: Ball
1-1: SINGLE (Groundball, 6MD)
Batting: LHB Tommy Payne 0-0: Ground out 5-3 (Groundball, 5S)
Bottom of the 5th over - 0 run(s), 1 hit(s), 0 error(s), 1 left on base; Minnesota 2 - Auburn 3
TOP OF THE 6TH
Minnesota Golden Gophers batting - Pitching for Auburn Tigers : LHP Dave Smeddon
Batting: RHB Mike Brooks 0-0: Called Strike
0-1: Ground out 4-3 (Groundball, 4)
Batting: RHB David Strickland 0-0: Called Strike
0-1: Swinging Strike
0-2: Foul Ball, location: 2F
0-2: Ball
1-2: Foul Ball, location: 2F
1-2: Ball
2-2: Strikes out swinging, 2-3 out at first.
Batting: RHB Brady McIntyre 0-0: SINGLE (Line Drive, 34)
Pitching: RHP Steve Ackerman
Batting: RHB Charlie O'Farrell 0-0: SINGLE (Line Drive, 7LS)
Brady McIntyre to second
Batting: LHB Doug Willard 0-0: Ball
1-0: Called Strike
1-1: Called Strike
1-2: Ball
2-2: Strikes out looking
Top of the 6th over - 0 run(s), 2 hit(s), 0 error(s), 2 left on base; Minnesota 2 - Auburn 3
BOTTOM OF THE 6TH
Auburn Tigers batting - Pitching for Minnesota Golden Gophers : LHP Roger Glass
Batting: RHB Jeff Jones 0-0: Ball
1-0: Called Strike
1-1: DOUBLE (Line Drive, 7LM)
Batting: SHB Tim Campbell 0-0: Ball
1-0: Ball
2-0: Ball
3-0: Called Strike
3-1: Base on Balls
Batting: RHB Kel Weeks 0-0: Called Strike
0-1: Fly out, F6 (Popup, 6MD)
Pitching: LHP Jeff O'Farrell
Batting: RHB Ángelo Young 0-0: Swinging Strike
0-1: Fly out, F2 (Popup, 2RF)
Batting: RHB António Martínez 0-0: Ground out 5-3 (Groundball, 56)
Bottom of the 6th over - 0 run(s), 1 hit(s), 0 error(s), 2 left on base; Minnesota 2 - Auburn 3
TOP OF THE 7TH
Minnesota Golden Gophers batting - Pitching for Auburn Tigers : RHP Steve Ackerman
Batting: RHB Esteban Ayala 0-0: Fly out, F8 (Flyball, 8LM)
Batting: RHB Ben Lund 0-0: Ball
1-0: Ball
2-0: Called Strike
2-1: Ground out 4-3 (Groundball, 4)
Batting: LHB Ramón López 0-0: Swinging Strike
0-1: Ball
1-1: Ground out 5-3 (Groundball, 5L)
Top of the 7th over - 0 run(s), 0 hit(s), 0 error(s), 0 left on base; Minnesota 2 - Auburn 3
BOTTOM OF THE 7TH
Auburn Tigers batting - Pitching for Minnesota Golden Gophers : LHP Jeff O'Farrell
Batting: RHB Artie Frye 0-0: Ball
1-0: Called Strike
1-1: Swinging Strike
1-2: Ball
2-2: Foul Ball, location: 2F
2-2: Strikes out swinging
Batting: LHB Edison Snyder 0-0: Called Strike
0-1: Ball
1-1: Fly out, F7 (Flyball, 7S)
Batting: RHB Doyle O'Dell 0-0: Called Strike
0-1: Called Strike
0-2: Ball
1-2: Ball
2-2: Ball
3-2: Fly out, F9 (Flyball, 9M)
Bottom of the 7th over - 0 run(s), 0 hit(s), 0 error(s), 0 left on base; Minnesota 2 - Auburn 3
TOP OF THE 8TH
Minnesota Golden Gophers batting - Pitching for Auburn Tigers : RHP Steve Ackerman
Pitching: RHP Jeff Thomas
Now at C: Lorne Witcher
Batting: RHB Carlos López 0-0: Ball
1-0: Foul Ball, location: 2F
1-1: Ball
2-1: SINGLE (Flyball, 9LS)
Batting: RHB Mike Brooks 0-0: Bunt - Flyout! F5
Batting: RHB David Strickland 0-0: Fly out, F4 (Popup, 13S)
Batting: RHB Brady McIntyre 0-0: Ball
1-0: Ball
2-0: Ball
3-0: Called Strike
3-1: Foul Ball, location: 2F
3-2: Foul Ball, location: 2F
3-2: Reached on error, E5 (Groundball, 5)
Carlos López to second
Batting: RHB Charlie O'Farrell 0-0: Called Strike
0-1: Ground out 5-3 (Groundball, 5)
Top of the 8th over - 0 run(s), 1 hit(s), 1 error(s), 2 left on base; Minnesota 2 - Auburn 3
BOTTOM OF THE 8TH
Auburn Tigers batting - Pitching for Minnesota Golden Gophers : LHP Jeff O'Farrell
Batting: LHB Tommy Payne 0-0: Foul Ball, location: 2F
0-1: Swinging Strike
0-2: Foul Ball, location: 2F
0-2: Ground out 4-3 (Groundball, 4M)
Pitching: LHP Nick Clayton
Batting: RHB Jeff Jones 0-0: Ball
1-0: Ball
2-0: Ball
3-0: Base on Balls
Pinch Hitting: RHB Bob Fischer 0-0: Ball
1-0: SINGLE (Line Drive, 34D)
Jeff Jones to second
Batting: RHB Kel Weeks 0-0: Ball
1-0: Foul Ball, location: 2F
1-1: Swinging Strike
1-2: Foul Ball, location: 2F
1-2: Fly out, F8 (Flyball, 8RM)
Batting: RHB Ángelo Young 0-0: Ball
1-0: Fly out, F6 (Popup, 6M)
Bottom of the 8th over - 0 run(s), 1 hit(s), 0 error(s), 2 left on base; Minnesota 2 - Auburn 3
TOP OF THE 9TH
Minnesota Golden Gophers batting - Pitching for Auburn Tigers : RHP Jeff Thomas
Pitching: RHP Will Park
Now at 3B: Bob Fischer
Now in CF: Curt Carey
Pinch Hitting: LHB Steve Davis 0-0: Ball
1-0: Foul Ball, location: 2F
1-1: Fly out, F3 (Popup, 9LSF)
Batting: RHB Esteban Ayala 0-0: Fly out, F9 (Flyball, 9M)
Batting: RHB Ben Lund 0-0: Ball
1-0: Ball
2-0: Foul Ball, location: 2F
2-1: Fly out, F8 (Flyball, 8RM)
Top of the 9th over - 0 run(s), 0 hit(s), 0 error(s), 0 left on base; Minnesota 2 - Auburn 3
This league is powered by Out of the Park Baseball, the baseball management simulation game for PC, Mac and Linux
Wednesday, December 2nd, 2015 - OOTP Baseball 16.8 Build 38